 Dungeon Crawl Stone Soup version 0.25.1-2-g60ff931df9 (webtiles) character file.

Game seed: 551042056792060501

55 Allula97 the Sneak (level 3, 0/20 HPs)
             Began as an Octopode Enchanter on Nov 15, 2020.
             Was a Follower of Hepliaklqana.
             Succumbed to an adder's poison
             ... on level 2 of the Dungeon.
             The game lasted 00:06:58 (1470 turns).

Allula97 the Sneak (Octopode Enchanter)             Turns: 1470, Time: 00:06:59

Health: 0/20       AC:  1    Str:  6 (7)  XL:     3   Next: 93%
Magic:  6/6        EV: 13    Int: 16 (17) God:    Hepliaklqana [*.....]
Gold:   128        SH:  0    Dex: 10 (13) Spells: 3/6 levels left

rFire    . . .     SeeInvis .   a - +1 dagger
rCold    . . .     Gourm    .   (no shield)
rNeg     . . .     Faith    .   (helmet restricted)
rPois    .         Spirit   .   (no amulet)
rElec    .         Reflect  .   (no ring)
rCorr    .         Harm     .   (no ring)
MR       .....                  (no ring)
Stlth    +++.......             (no ring)
HPRegen  0.06/turn              (no ring)
MPRegen  0.10/turn              (no ring)
                                (no ring)
                                (no ring)

@: lethally poisoned (0 -> -1), berserk cooldown, very slightly contaminated,
slowed, invisible, very slow
A: almost no armour, stealthy swim, amphibious, 8 rings, constrict 8, reduced
essence, camouflage 1, wild magic 1, gelatinous body 1, no potion heal 1
a: Recall Ancestor, Ancestor Identity, Renounce Religion


You were on level 2 of the Dungeon.
You worshipped Hepliaklqana.
Hepliaklqana was aware of your devotion.
You were not hungry.

You visited 1 branch of the dungeon, and saw 2 of its levels.

You collected 128 gold pieces.

Inventory:

Hand Weapons
 a - a +1 dagger (weapon)
Scrolls
 e - a scroll of teleportation {unknown}
 f - 3 scrolls of remove curse {unknown}
 i - a scroll of identify {unknown}
Comestibles
 c - 3 rations
 g - 4 chunks of flesh


   Skills:
 * Level 1.3 Fighting
 * Level 1.6 Short Blades
 * Level 2.4 Dodging
 * Level 4.6 Stealth
 + Level 2.2 Spellcasting
 + Level 3.2 Hexes


You had 3 spell levels left.
You knew the following spells:

 Your Spells              Type           Power        Failure   Level  Hunger
a - Corona                Hex            ###....      9%          1    #......
b - Ensorcelled Hibernat  Hex/Ice        #.....       22%         2    ###....

Your spell library contained the following spells:

 Spells                   Type           Power        Failure   Level  Hunger
 Confusing Touch          Hex            ###.....     22%         3    ###....
 Tukima's Dance           Hex            ###.....     22%         3    ###....
 Dazzling Flash           Conj/Hex       #.....       38%         3    ###....


Dungeon Overview and Level Annotations

Branches:
Dungeon (2/15)

Altars:
Hepliaklqana


Innate Abilities, Weirdness & Mutations

You cannot wear most types of armour.
You are very stealthy in the water. (Stealth+)
You are amphibious.
You can wear up to eight rings at the same time.
You can use your tentacles to constrict eight enemies at once.
Your skin changes colour to match your surroundings (Stealth+).
Your rubbery body absorbs attacks. (AC +1, EV +1)
Your life essence is reduced to manifest your ancestor. (-10% HP)
Your spells are a little harder to cast, but a little more powerful.
Potions are less effective at restoring your health.


Message History

It was a potion of berserk rage.
A red film seems to cover your vision as you go berserk!
You feel yourself moving faster!
You feel mighty!
You feel a strong urge to attack something.
You start resting.
You feel your anger nearly subside.
You feel sick.
You are no longer berserk.
You are exhausted.
You feel yourself slow down.
Okay, then.
Unknown command.
* * * LOW HITPOINT WARNING * * *
You feel sick.
* * * LOW HITPOINT WARNING * * *
You feel sick.
* * * LOW HITPOINT WARNING * * *
You feel sick.
A hobgoblin comes into view.
You die...

#.#
######.###.##
..÷..........#
#####...##.#.#
### ........ .g#
##....### ##.##
##.#.# ... #.#.#
#.# # #.#.# #@#
# ##+#.#######.#
#
##..........R.#
#
##.....#########
###.......##
##..÷......#
.+.........+
##.........#
###.......##


You could see the friendly Zolin the ancestor and a hobgoblin (asleep).

Vanquished Creatures
  An adder (D:2)
  A worm (D:2)
  A dart slug (D:1)
  A leopard gecko (D:1)
  A bat (D:2)
  A giant cockroach (D:1)
  2 goblins
  A hobgoblin (D:1)
  8 jackals (D:2)
  2 kobolds (D:2)
  6 rats
25 creatures vanquished.

Vanquished Creatures (collateral kills)
  An adder (D:2)
  A dart slug (D:2)
2 creatures vanquished.

Vanquished Creatures (others)
  An ancestor (D:2)
1 creature vanquished.

Grand Total: 28 creatures vanquished

Notes
Turn   | Place    | Note
-------+----------+-------------------------------------------
     0 | D:1      | Allula97 the Octopode Enchanter began the quest for the
                  | Orb.
     0 | D:1      | Reached XP level 1. HP: 11/11 MP: 3/3
   413 | D:1      | Reached XP level 2. HP: 18/18 MP: 3/5
   417 | D:1      | Learned a level 2 spell: Ensorcelled Hibernation
   911 | D:2      | Found a faded altar of an unknown god.
   920 | D:2      | Became a worshipper of Hepliaklqana the Forgotten
   920 | D:2      | Reached * piety under Hepliaklqana
   976 | D:2      | Reached XP level 3. HP: 13/19 MP: 3/6
   982 | D:2      | Reached skill level 1 in Fighting
  1452 | D:2      | Gained mutation: Your magical capacity is low. (-10% MP)
                  | [potion of mutation]
  1452 | D:2      | Gained mutation: Your muscles are strong. (Str +2) [potion
                  | of mutation]
  1453 | D:2      | Lost mutation: Your muscles are strong. (Str +2) [potion of
                  | mutation]
  1453 | D:2      | Lost mutation: Your magical capacity is low. (-10% MP)
                  | [potion of mutation]
  1453 | D:2      | Gained mutation: Potions are less effective at restoring
                  | your health. [potion of mutation]
  1453 | D:2      | Gained mutation: Your spells are a little harder to cast,
                  | but a little more powerful. [potion of mutation]
  1467 | D:2      | HP: 1/20 [poisoned by an adder]
  1470 | D:2      | Succumbed to an adder's poison

Illustrated notes

Levels and vault maps discovered:
D:1:      lemuel_arrival_muddy, layout_loops_ring, serial_bayou_pond_e
D:2:      layout_loops_corners, chequers_ecumenical_altar_grove, first_ration,
          uniq_terence, uniq_robin

Skill      XL: |  1  2  3 |
---------------+----------+-----
Fighting       | 1 |  1.3
Short Blades   | |  1.6
Dodging        | |  2.4
Stealth        | |  4.6
Spellcasting   | |  2.2
Hexes          | |  3.2

Action                   || total
-------------------------++-------
Melee: Dagger            ||    70
       Constrict         ||    20
       Tentacles         ||    10
 Cast: Corona            ||     1
       Ensorcelled Hiber ||     8
Invok: Ancestor Identity ||     1
  Use: Potion            ||     5
 Stab: Sleeping          ||     7
  Eat: Chunk             ||     2
Armor: Skin              ||     7
Dodge: Dodged            ||    37
